PAA
MERCER ISLAND SCREAMING EAGLES @ SALEM MISFITS
05/26/2029
 
TOP OF THE 1ST
Mercer Island Screaming Eagles batting - Pitching for Salem Misfits : RHP Fernando Villarreal
Pitching: RHP Fernando Villarreal
Batting: LHB Jacob Herman 0-0: Ball
1-0: Swinging Strike
1-1: SINGLE (Flyball, 89M)
Batting: RHB Jeffery Campbell 0-0: Called Strike
0-1: Ball
Jacob Herman steals 2nd base
1-1: Swinging Strike
1-2: Ball
2-2: SINGLE (Groundball, 34D)
Jacob Herman to third
Batting: RHB Omer Yurtseven 0-0: Ball
1-0: Grounds into double play, 6-4-3 (Groundball, 6)
Jacob Herman scores
Batting: RHB Francisco Agámez 0-0: Ball
1-0: Ball
2-0: Ball
3-0: Base on Balls
Batting: RHB Wade Killefer 0-0: Ball
1-0: Foul Ball, location: 2F
1-1: Ball
2-1: Foul Ball, location: 2F
2-2: Fly out, F5 (Popup, 25)
Top of the 1st over - 1 run, 2 hits, 0 errors, 1 left on base; Mercer Island 1 - Salem 0
BOTTOM OF THE 1ST
Salem Misfits batting - Pitching for Mercer Island Screaming Eagles : LHP Rob Ford
Pitching: LHP Rob Ford
Batting: LHB José Cuervo 0-0: Called Strike
0-1: Ball
1-1: SINGLE (Groundball, 34) (infield hit)
Batting: RHB Robinson Barquero 0-0: Ball
1-0: Foul Ball, location: 2F
1-1: Ball
2-1: SINGLE (Groundball, 56D)
José Cuervo to second
Batting: LHB Austin Hathaway 0-0: Ball
1-0: Ball
2-0: Ball
3-0: Swinging Strike
3-1: Foul Ball, location: 2F
3-2: Strikes out swinging
José Cuervo steals 3rd base
Batter strikes out.
Robinson Barquero to second
Batting: LHB Donatas Montiejunas 0-0: Ball
1-0: Called Strike
1-1: Foul Ball, location: 2F
1-2: Foul Ball, location: 2F
1-2: Strikes out swinging
Batting: LHB Kelly Brown 0-0: Ball
1-0: Fly out, F8 (Flyball, 8RD)
Bottom of the 1st over - 0 runs, 2 hits, 0 errors, 2 left on base; Mercer Island 1 - Salem 0
TOP OF THE 2ND
Mercer Island Screaming Eagles batting - Pitching for Salem Misfits : RHP Fernando Villarreal
Batting: RHB Martinus Xhaka 0-0: Ball
1-0: Ball
2-0: SOLO HOME RUN (Flyball, 78XD), Distance : 431 ft
Batting: LHB Jorge Pérez 0-0: Foul Ball, location: 2F
0-1: Ball
1-1: Fly out, F4 (Line Drive, 4M)
Batting: LHB Markus Richardson 0-0: Called Strike
0-1: Foul Ball, location: 2F
0-2: Foul Ball, location: 2F
0-2: Foul Ball, location: 2F
0-2: Ball
1-2: Fly out, F8 (Flyball, 8RS)
Batting: SHB Silas Floyd 0-0: Foul Ball, location: 2F
0-1: Ball
1-1: Ball
2-1: Swinging Strike
2-2: SINGLE (Groundball, 34S) (infield hit)
Batting: LHB Jacob Herman 0-0: Ball
1-0: Ground out 3-1 (Groundball, 34S)
Top of the 2nd over - 1 run, 2 hits, 0 errors, 1 left on base; Mercer Island 2 - Salem 0
BOTTOM OF THE 2ND
Salem Misfits batting - Pitching for Mercer Island Screaming Eagles : LHP Rob Ford
Batting: RHB Jason Ward 0-0: Ball
1-0: Ball
2-0: Called Strike
2-1: SINGLE (Line Drive, 6MD)
Batting: LHB Rodrigo Gómez 0-0: Ball
1-0: Reached on error, E4 (Groundball, 4)
Jason Ward to second
Batting: RHB Paul O'Neill 0-0: Swinging Strike
0-1: Ball
1-1: Called Strike
1-2: Fly out, F4 (Popup, 4D)
Batting: LHB Tyler Knopp 0-0: Ball
Jason Ward steals 3rd base
Rodrigo Gómez to second
1-0: Ball
2-0: Fly out, F5 (Popup, 5SF)
Batting: LHB José Cuervo 0-0: Ball
1-0: Called Strike
1-1: Fly out, F8 (Flyball, 8RD)
Bottom of the 2nd over - 0 runs, 1 hit, 1 error, 2 left on base; Mercer Island 2 - Salem 0
TOP OF THE 3RD
Mercer Island Screaming Eagles batting - Pitching for Salem Misfits : RHP Fernando Villarreal
Batting: RHB Jeffery Campbell 0-0: Ball
1-0: Called Strike
1-1: Ball
2-1: Foul Ball, location: 2F
2-2: SINGLE (Groundball, 56D)
Batting: RHB Omer Yurtseven 0-0: SINGLE (Groundball, 6MD)
Jeffery Campbell to second
Batting: RHB Francisco Agámez 0-0: Ball
1-0: Ball
2-0: Fly out, F8 (Flyball, 78XD)
Runner from 2nd tags up, SAFE at 3rd, no throw
Batting: RHB Wade Killefer 0-0: Ball
1-0: Fly out, F8 (Line Drive, 8RD)
Runner from 3rd tags up, SCORES, throw made
Batting: RHB Martinus Xhaka 0-0: Swinging Strike
0-1: Swinging Strike
0-2: Ball
1-2: Fly out, F7 (Flyball, 7D)
Top of the 3rd over - 1 run, 2 hits, 0 errors, 1 left on base; Mercer Island 3 - Salem 0
BOTTOM OF THE 3RD
Salem Misfits batting - Pitching for Mercer Island Screaming Eagles : LHP Rob Ford
Batting: RHB Robinson Barquero 0-0: Ball
1-0: Ground out 1-3 (Groundball, P)
Batting: LHB Austin Hathaway 0-0: Ball
1-0: SINGLE (Groundball, 34S) (infield hit)
Batting: LHB Donatas Montiejunas 0-0: Called Strike
0-1: Ball
1-1: DOUBLE (Line Drive, 7LM)
Austin Hathaway to third
Batting: LHB Kelly Brown 0-0: Ball
1-0: Called Strike
1-1: Called Strike
1-2: Fly out, F8 (Flyball, 8LD)
Runner from 3rd tags up, SCORES, throw made
Batting: RHB Jason Ward 0-0: Ball
1-0: Ball
2-0: Ball
3-0: Called Strike
3-1: Base on Balls
Batting: LHB Rodrigo Gómez 0-0: Called Strike
0-1: Ball
1-1: 3-RUN HOME RUN (Flyball, 89XD), Distance : 406 ft
Batting: RHB Paul O'Neill 0-0: Ball
1-0: Fly out, F9 (Flyball, 9D)
Bottom of the 3rd over - 4 runs, 3 hits, 0 errors, 0 left on base; Mercer Island 3 - Salem 4
TOP OF THE 4TH
Mercer Island Screaming Eagles batting - Pitching for Salem Misfits : RHP Fernando Villarreal
Batting: LHB Jorge Pérez 0-0: Called Strike
0-1: DOUBLE (Line Drive, 89D)
Batting: LHB Markus Richardson 0-0: Ball
1-0: Called Strike
1-1: Ball
2-1: Called Strike
2-2: Ground out 6-3 (Groundball, 6D)
Batting: SHB Silas Floyd 0-0: Foul Ball, location: 2F
0-1: Ball
1-1: Ball
2-1: Foul Ball, location: 2F
2-2: DOUBLE (Flyball, 8RXD)
Jorge Pérez scores
Batting: LHB Jacob Herman 0-0: Ball
1-0: Swinging Strike
1-1: Ball
2-1: Ball
3-1: 2-RUN HOME RUN (Flyball, 9LD), Distance : 346 ft
Batting: RHB Jeffery Campbell 0-0: Ball
1-0: SOLO HOME RUN (Flyball, 9LD), Distance : 350 ft
Batting: RHB Omer Yurtseven 0-0: Fly out, F8 (Flyball, 8LM)
Batting: RHB Francisco Agámez 0-0: Called Strike
0-1: Called Strike
0-2: Foul Ball, location: 2F
0-2: Fly out, F9 (Flyball, 9S)
Top of the 4th over - 4 runs, 4 hits, 0 errors, 0 left on base; Mercer Island 7 - Salem 4
BOTTOM OF THE 4TH
Salem Misfits batting - Pitching for Mercer Island Screaming Eagles : LHP Rob Ford
Batting: LHB Tyler Knopp 0-0: Ball
1-0: Foul Ball, location: 2F
1-1: Ball
2-1: Ball
3-1: Called Strike
3-2: Ground out 4-3 (Groundball, 4)
Batting: LHB José Cuervo 0-0: Ball
1-0: Called Strike
1-1: Fly out, F7 (Flyball, 7LD)
Batting: RHB Robinson Barquero 0-0: Ball
1-0: Ball
2-0: Ball
3-0: Base on Balls
Batting: LHB Austin Hathaway 0-0: Ball
Robinson Barquero steals 2nd base
1-0: Foul Ball, location: 2F
1-1: Called Strike
1-2: Ball
2-2: SINGLE (Groundball, 3) (infield hit)
Robinson Barquero to third
Batting: LHB Donatas Montiejunas 0-0: Called Strike
0-1: Foul Ball, location: 2F
0-2: Ground out 6-3 (Groundball, 6S)
Bottom of the 4th over - 0 runs, 1 hit, 0 errors, 2 left on base; Mercer Island 7 - Salem 4
TOP OF THE 5TH
Mercer Island Screaming Eagles batting - Pitching for Salem Misfits : RHP Fernando Villarreal
Batting: RHB Wade Killefer 0-0: Ball
1-0: Fly out, F9 (Flyball, 9LMF)
Batting: RHB Martinus Xhaka 0-0: Ball
1-0: Called Strike
1-1: Called Strike
1-2: Foul Ball, location: 2F
1-2: SINGLE (Flyball, 56D)
Pitching: RHP Darryl Bachman
Batting: LHB Jorge Pérez 0-0: Swinging Strike
0-1: Fielders Choice at 2nd, 1-4 (Groundball, 15S)
Batting: LHB Markus Richardson 0-0: SINGLE (Groundball, 4MS) (infield hit)
Jorge Pérez to second
Batting: SHB Silas Floyd 0-0: Swinging Strike
0-1: Ball
1-1: Swinging Strike
1-2: Ball
2-2: Ball
3-2: Strikes out swinging
Top of the 5th over - 0 runs, 2 hits, 0 errors, 2 left on base; Mercer Island 7 - Salem 4
BOTTOM OF THE 5TH
Salem Misfits batting - Pitching for Mercer Island Screaming Eagles : LHP Rob Ford
Batting: LHB Kelly Brown 0-0: Ground out 4-3 (Groundball, 4)
Batting: RHB Jason Ward 0-0: Called Strike
0-1: Ball
1-1: Ball
2-1: Foul Ball, location: 2F
2-2: SINGLE (Flyball, 7S)
Batting: LHB Rodrigo Gómez 0-0: Ball
1-0: Ball
2-0: Called Strike
2-1: Ball
3-1: Foul Ball, location: 2F
3-2: Strikes out swinging
Jason Ward steals 2nd base
Batter strikes out.
Batting: RHB Paul O'Neill 0-0: Swinging Strike
0-1: Foul Ball, location: 2F
0-2: Ball
1-2: Ball
2-2: Ball
3-2: Strikes out swinging
Bottom of the 5th over - 0 runs, 1 hit, 0 errors, 1 left on base; Mercer Island 7 - Salem 4
TOP OF THE 6TH
Mercer Island Screaming Eagles batting - Pitching for Salem Misfits : RHP Darryl Bachman
Batting: LHB Jacob Herman 0-0: Ball
1-0: Ball
2-0: Bunt for hit - play at first, batter OUT! 2-3
Batting: RHB Jeffery Campbell 0-0: Called Strike
0-1: Swinging Strike
0-2: Ball
1-2: Fly out, F7 (Flyball, 78S)
Batting: RHB Omer Yurtseven 0-0: Fly out, F5 (Line Drive, 56S)
Top of the 6th over - 0 runs, 0 hits, 0 errors, 0 left on base; Mercer Island 7 - Salem 4
BOTTOM OF THE 6TH
Salem Misfits batting - Pitching for Mercer Island Screaming Eagles : LHP Rob Ford
Batting: LHB Tyler Knopp 0-0: Ball
1-0: Fly out, F9 (Flyball, 9)
Batting: LHB José Cuervo 0-0: Ball
1-0: Called Strike
1-1: SINGLE (Flyball, 7LM)
Batting: RHB Robinson Barquero 0-0: Ball
1-0: Called Strike
1-1: Swinging Strike
1-2: Ball
2-2: Foul Ball, location: 2F
2-2: Ball
3-2: Grounds into double play, 6-4-3 (Groundball, 6)
Bottom of the 6th over - 0 runs, 1 hit, 0 errors, 0 left on base; Mercer Island 7 - Salem 4
TOP OF THE 7TH
Mercer Island Screaming Eagles batting - Pitching for Salem Misfits : RHP Darryl Bachman
Batting: RHB Francisco Agámez 0-0: Ball
1-0: Ball
2-0: Ball
3-0: Base on Balls
Batting: RHB Wade Killefer 0-0: Swinging Strike
0-1: Ball
1-1: Ball
2-1: Foul Ball, location: 2F
2-2: Ball
3-2: Foul Ball, location: 2F
3-2: Fielders Choice at 2nd, 5-4 (Groundball, 56)
Batting: RHB Martinus Xhaka 0-0: Ball
1-0: Called Strike
1-1: Called Strike
1-2: Foul Ball, location: 2F
1-2: Ball
2-2: Strikes out swinging
Batting: LHB Jorge Pérez 0-0: Ball
1-0: Foul Ball, location: 2F
1-1: Ground out 5-3 (Groundball, 25)
Top of the 7th over - 0 runs, 0 hits, 0 errors, 1 left on base; Mercer Island 7 - Salem 4
BOTTOM OF THE 7TH
Salem Misfits batting - Pitching for Mercer Island Screaming Eagles : LHP Rob Ford
Batting: LHB Austin Hathaway 0-0: Ball
1-0: Ball
2-0: Called Strike
2-1: Foul Ball, location: 2F
2-2: SINGLE (Flyball, 89S) - OUT at second base trying to stretch hit.
Batting: LHB Donatas Montiejunas 0-0: Ball
1-0: Called Strike
1-1: Fly out, F7 (Flyball, 7S)
Batting: LHB Kelly Brown 0-0: Ground out 4-3 (Groundball, 4)
Bottom of the 7th over - 0 runs, 1 hit, 0 errors, 0 left on base; Mercer Island 7 - Salem 4
TOP OF THE 8TH
Mercer Island Screaming Eagles batting - Pitching for Salem Misfits : RHP Darryl Bachman
Batting: LHB Markus Richardson 0-0: Called Strike
0-1: Foul Ball, location: 2F
0-2: Ball
1-2: Ball
2-2: Ball
3-2: Foul Ball, location: 2F
3-2: Foul Ball, location: 2F
3-2: Foul Ball, location: 2F
3-2: SINGLE (Groundball, 6MD)
Batting: SHB Silas Floyd 0-0: Bunt missed!
0-1: Bunt missed!
0-2: Ball
1-2: SINGLE (Line Drive, 89S)
Markus Richardson to second
Batting: LHB Jacob Herman 0-0: Bunted foul
0-1: Bunted foul
0-2: Ball
1-2: 3-RUN HOME RUN (Flyball, 7LD), Distance : 350 ft
Batting: RHB Jeffery Campbell 0-0: Called Strike
0-1: Ball
1-1: Ground out 1-3 (Groundball, 15S)
Batting: RHB Omer Yurtseven 0-0: Ball
1-0: Ball
2-0: Ball
3-0: Called Strike
3-1: Base on Balls
Batting: RHB Francisco Agámez 0-0: Called Strike
0-1: SINGLE (Line Drive, 4MD)
Omer Yurtseven to second
Batting: RHB Wade Killefer 0-0: Ball
1-0: Ball
2-0: Ball
3-0: Base on Balls
Omer Yurtseven to third
Francisco Agámez to second
Batting: RHB Martinus Xhaka 0-0: Fly out, F6 (Line Drive, 6M)
Lined into DP, 6-5 (Line Drive, 6M)
Top of the 8th over - 3 runs, 4 hits, 0 errors, 2 left on base; Mercer Island 10 - Salem 4
BOTTOM OF THE 8TH
Salem Misfits batting - Pitching for Mercer Island Screaming Eagles : LHP Rob Ford
Pitching: RHP Jules Goux
Batting: RHB Jason Ward 0-0: Called Strike
0-1: Swinging Strike
0-2: Ball
1-2: SINGLE (Groundball, 6MD)
Batting: LHB Rodrigo Gómez 0-0: Called Strike
0-1: Ball
1-1: Swinging Strike
1-2: Ball
2-2: Strikes out swinging
Batting: RHB Paul O'Neill 0-0: Ball
1-0: Foul Ball, location: 2F
1-1: Fly out, F7 (Line Drive, 7)
Batting: LHB Tyler Knopp 0-0: Ground out 4-3 (Groundball, 4)
Bottom of the 8th over - 0 runs, 1 hit, 0 errors, 1 left on base; Mercer Island 10 - Salem 4
TOP OF THE 9TH
Mercer Island Screaming Eagles batting - Pitching for Salem Misfits : RHP Darryl Bachman
Pitching: RHP Tim Nesheim
Batting: LHB Jorge Pérez 0-0: Ball
1-0: Foul Ball, location: 2F
1-1: Ball
2-1: Foul Ball, location: 2F
2-2: Ball
3-2: DOUBLE (Flyball, 8LD)
Batting: LHB Markus Richardson 0-0: Ball
1-0: Called Strike
1-1: Foul Ball, location: 2F
1-2: Strikes out swinging
Batting: SHB Silas Floyd 0-0: Ball
1-0: Ball
2-0: Ball
3-0: Called Strike
3-1: Base on Balls
Batting: LHB Jacob Herman 0-0: Ball
1-0: Ball
2-0: Ball
3-0: Base on Balls
Jorge Pérez to third
Silas Floyd to second
Batting: RHB Jeffery Campbell 0-0: Ground out 5-3 (Groundball, 5S)
Jorge Pérez scores
Silas Floyd to third
Jacob Herman to second
Batting: RHB Omer Yurtseven 0-0: Ground out 5-3 (Groundball, 5)
Top of the 9th over - 1 run, 1 hit, 0 errors, 2 left on base; Mercer Island 11 - Salem 4
BOTTOM OF THE 9TH
Salem Misfits batting - Pitching for Mercer Island Screaming Eagles : RHP Jules Goux
Batting: LHB José Cuervo 0-0: Ball
1-0: Ball
2-0: Foul Ball, location: 2F
2-1: Ball
3-1: Base on Balls
Batting: RHB Robinson Barquero 0-0: Swinging Strike
0-1: Ball
1-1: Ball
2-1: Ball
3-1: Fly out, F7 (Flyball, 7LSF)
Batting: LHB Austin Hathaway 0-0: Ball
1-0: Ball
2-0: Ball
3-0: Base on Balls
José Cuervo to second
Batting: LHB Donatas Montiejunas 0-0: Fly out, F5 (Line Drive, 5L)
Batting: LHB Kelly Brown 0-0: Called Strike
0-1: SINGLE (Line Drive, 4)
José Cuervo to third
Austin Hathaway to second
Batting: RHB Jason Ward 0-0: Ball
1-0: SINGLE (Flyball, 34D)
José Cuervo scores
Austin Hathaway to third
Kelly Brown to second
Batting: LHB Rodrigo Gómez 0-0: Called Strike
0-1: Foul Ball, location: 2F
0-2: Foul Ball, location: 2F
0-2: Strikes out looking
Bottom of the 9th over - 1 run, 2 hits, 0 errors, 3 left on base; Mercer Island 11 - Salem 5
Tuesday, December 19th, 2017 - OOTP Baseball 18.8 Build 76